 Dungeon Crawl Stone Soup version 0.29.0-13-gc9e81de378 (webtiles) character file.

Game seed: 10862357813778077266

20467 Persephone the Bludgeoner (level 12, 0/138 HPs)
             Began as a Demonspawn Berserker on Sept 10, 2022.
             Was an Elder of Trog.
             Slain by an orc warrior
             ... wielding a +0 halberd
              (4 damage)
             ... on level 2 of the Orcish Mines.
             The game lasted 00:35:58 (16494 turns).

Persephone the Bludgeoner (Demonspawn Berserker)   Turns: 16494, Time: 00:35:59

Health: 0/138      AC: 16    Str: 26    XL:     12   Next: 45%
Magic:  0/12       EV:  9    Int: 12    God:    Trog [****..]
Gold:   1762       SH: 10    Dex: 14    Spells: 11/11 levels left

rFire   . . .      SeeInvis .   y - +0 whip (flame)
rCold   + + .      Faith    .   x - +0 kite shield
rNeg    . . .      Spirit   +   C - +4 scale mail "Ujiuwat" {Contam rC+ Str+3 Int+3}
rPois   .          Reflect  .   c - +1 helmet
rElec   .          Harm     .   (cloak unavailable)
rCorr   .          Rampage  .   D - +0 pair of gloves
Will    .....                   g - +0 pair of boots
Stlth   ..........              n - amulet of guardian spirit
HPRegen 1.33/turn               s - +4 ring of slaying
MPRegen 0.13/turn               u - ring of protection from cold

@: berserking (expiring), slowed
A: thin skeletal structure 1, ignite blood 2, powered by death 1, corrupting
presence 1, weakness stinger 3
a: Renounce Religion, Berserk, Trog's Hand, Brothers in Arms


You were on level 2 of the Orcish Mines.
You worshipped Trog.
Trog was greatly pleased with you.
You visited 2 branches of the dungeon, and saw 13 of its levels.
You also visited: Bailey.

You collected 1762 gold pieces.

Inventory:

Hand Weapons
 a - a +1 mace
 o - a +0 morningstar
 y - a +0 whip of flaming (weapon)
Missiles
 B - 5 throwing nets
Armour
 c - a +1 helmet (worn)
 g - a +0 pair of boots (worn)
 m - a scarf of repulsion
 x - a +0 kite shield (worn)
 C - the +4 scale mail "Ujiuwat" (worn) {Contam rC+ Str+3 Int+3}
   (You found it in a bailey)

   Str:       It affects your strength (+3).
   Int:       It affects your intelligence (+3).
   rC:        It protects you from cold.
   Contam:    It causes magical contamination when unequipped.
 D - a +0 pair of gloves (worn)
Jewellery
 d - an amulet of magic regeneration
 n - an amulet of guardian spirit (around neck)
 s - a +4 ring of slaying (left hand)
 u - a ring of protection from cold (right hand)
Wands
 r - a wand of light (33)
 v - a wand of flame (10)
Scrolls
 q - a scroll of fear
 A - 5 scrolls of teleportation
 E - 2 scrolls of enchant weapon
 F - a scroll of enchant armour
 G - a scroll of butterflies
Potions
 b - 4 potions of magic
 e - 5 potions of ambrosia
 f - a potion of berserk rage {unknown}
 h - a potion of resistance {unknown}
 i - a potion of degeneration {unknown}
 j - 4 potions of haste
 k - 2 potions of cancellation
 l - a potion of lignification {unknown}
 p - a potion of invisibility {unknown}
 t - a potion of brilliance {unknown}
 w - a potion of attraction {unknown}
 z - 3 potions of mutation
 H - a potion of might


   Skills:
 + Level 7.8 Fighting
 + Level 15.5 Maces & Flails
 + Level 6.8 Armour
 - Level 2.6 Dodging
 + Level 6.2 Shields


You had 11 spell levels left.
You didn't know any spells.
Your spell library was empty.

Dungeon Overview and Level Annotations

Branches:
Dungeon (11/15)            Temple (0/1) D:5            Lair (0/5) D:11
    Orc (2/2) D:9          Bailey (visited)
    Elf: Orc:2

Altars:
Makhleb
Qazlal
Ru
Sif Muna
Xom

Shops:
D:1 (   D:8 *   Orc:2 *[

Portals:
Trove: D:10 (give 2 scrolls of acquirement)


Innate Abilities, Weirdness & Mutations

You have a somewhat thin skeletal structure. (Dex +2, Stealth+)
Your demonic aura often causes spilled blood to erupt in flames.
You regenerate a little health from kills.
Your presence sometimes corrodes those you injure.
You have a sharp stinger which inflicts weakening toxins.


Message History

Josephine draws life force from you!!
* * * LOW HITPOINT WARNING * * *
Josephine is healed by the life force!
The orc warrior is engulfed in blazing flames.
Your corrupting presence corrodes the orc warrior!
You block the orc warrior's attack.
You whack Josephine! You burn Josephine.
You kill Josephine!
Trog accepts your kill.
Trog appreciates your killing of a magic user.
Unknown command. 2 wraiths come into view.
The orc knight hits you with a +0 war axe!
* * * LOW HITPOINT WARNING * * *
The wraith hits you!
* * * LOW HITPOINT WARNING * * *
The wraith drains your vigour!
You feel yourself slow down.
The orc warrior is engulfed in blazing flames.
You kill the orc warrior!
Trog accepts your kill.
The orc warrior hits you with a +0 halberd!!
* * * LOW HITPOINT WARNING * * *
Things that are here:
a +0 trident; a +0 plate armour; an orc corpse You are too berserk!
You are too berserk!
You are too berserk!
You barely miss the orc warrior.
The sentinel's mark upon you fades away.
You closely miss the orc warrior.
Your tail-slap misses the orc warrior.
The orc warrior hits you with a +0 halberd.
* * * LOW HITPOINT WARNING * * *
A wraith comes into view.
The orc knight barely misses you.
A wraith comes into view.
You block the wraith's attack.
Unknown command.
You closely miss the wraith. You block the wraith's attack.
The orc warrior hits you with a +0 halberd.
You die...

....#........###..O....#
.............##....o..##
.............)).....###
.)...........).).#T##
.)÷...##......o.#...#
)<.....##....°o)##.##
.[).....#....o)###W##
...[..........○W#oW.#
.............#.#@oW##
............#####W##
.............#.##.##
.....#.............#
................#.##
...........#...####
.<..#.........##
....#.........#
.............###


You could see an orc knight, an orc high priest, 5 wraiths and 2 orc warriors.

Vanquished Creatures
  Josephine (Orc:2)
  2 hydras (D:11)
  2 two-headed ogres
  Erica (D:9)
  2 orc high priests (Orc:2)
  Pikel (D:6)
  An orc sorcerer (Orc:2)
  A manticore (D:11)
  A cyclops (D:11)
  Joseph (D:7)
  An unseen horror (D:11)
  A queen bee (D:10)
  4 trolls
  Grinder (D:5)
  A shadow (D:11)
  16 yaks
  3 wyverns
  A steam dragon (D:8)
  Menkaure (D:6)
  An acid dragon (D:10)
  A sky beast (D:6)
  19 orc warriors
  3 ice beasts
  6 ogres
  8 wolves
  2 centaurs
  A lemure (D:6)
  2 phantoms (D:5)
  3 kobold brigands
  Blork the orc (D:6)
  11 gnoll sergeants
  2 necrophages (D:6)
  2 bullfrogs
  5 scorpions
  5 wights (D:8)
  29 killer bees
  An electric eel (D:11)
  12 howler monkeys
  8 hounds
  3 jellies
  10 orc priests
  7 gnoll boudas (Bailey)
  Terence (D:2)
  11 orc wizards
  4 iguanas
  Robin (D:2)
  44 gnolls
  5 adders
  A shadow imp (D:6)
  2 white imps
  2 ufetubi
  3 worms
  46 orcs
  11 ball pythons
  6 bats
  6 endoplasms
  3 giant cockroaches
  43 goblins
  27 hobgoblins
  6 jackals (D:1)
  26 kobolds
  5 quokkas
  2 frilled lizards (D:3)
  3 rats
442 creatures vanquished.

Vanquished Creatures (others)
  11 fungi (Orc:2)
11 creatures vanquished.

Grand Total: 453 creatures vanquished

Notes
Turn   | Place    | Note
-------+----------+-------------------------------------------
     0 | D:1      | Persephone the Demonspawn Berserker began the quest for the
                  | Orb.
     0 | D:1      | Reached XP level 1. HP: 18/18 MP: 1/1
   391 | D:1      | Gained mutation: You have a small tail. [demonic ancestry]
   391 | D:1      | Reached XP level 2. HP: 24/24 MP: 2/2
   676 | D:1      | Found Bankom's Weapon Shop.
   855 | D:1      | Reached skill level 3 in Maces & Flails
   856 | D:1      | Reached ** piety under Trog
  1019 | D:1      | Reached XP level 3. HP: 29/29 MP: 3/3
  1732 | D:2      | Noticed Terence
  1738 | D:2      | Killed Terence
  1748 | D:2      | Gained mutation: You regenerate a little health from kills.
                  | [demonic ancestry]
  1748 | D:2      | Reached XP level 4. HP: 3/35 MP: 4/4
  2335 | D:2      | Noticed Robin
  2344 | D:2      | Killed Robin
  2880 | D:3      | Found a faded altar of an unknown god.
  2923 | D:3      | Reached XP level 5. HP: 42/42 MP: 5/5
  2932 | D:3      | Reached skill level 4 in Maces & Flails
  3480 | D:3      | Found a shimmering altar of Xom.
  4156 | D:3      | Reached skill level 5 in Maces & Flails
  4156 | D:3      | Gained mutation: You have a tail ending in a sharp stinger.
                  | [demonic ancestry]
  4156 | D:3      | Reached XP level 6. HP: 48/48 MP: 6/6
  4156 | D:3      | Reached *** piety under Trog
  4760 | D:4      | Found a sacrificial altar of Ru.
  4776 | D:4      | Noticed an ice beast
  4924 | D:4      | Reached skill level 6 in Maces & Flails
  4960 | D:4      | Gained mutation: You have a sharp stinger which inflicts
                  | weakening toxins. [demonic ancestry]
  4960 | D:4      | Reached XP level 7. HP: 40/53 MP: 7/7
  5050 | D:4      | Reached skill level 7 in Maces & Flails
  5697 | D:4      | Reached skill level 8 in Maces & Flails
  6065 | D:5      | Entered Level 5 of the Dungeon
  6079 | D:5      | Reached XP level 8. HP: 60/60 MP: 8/8
  6625 | D:5      | Reached skill level 9 in Maces & Flails
  6847 | D:5      | Found a staircase to the Ecumenical Temple.
  6955 | D:5      | Noticed Grinder
  6982 | D:5      | Killed Grinder
  7292 | D:5      | Reached skill level 10 in Maces & Flails
  7384 | D:6      | Noticed Menkaure
  7399 | D:6      | Killed Menkaure
  7413 | D:6      | Gained mutation: Your demonic aura sometimes causes spilled
                  | blood to erupt in flames. [demonic ancestry]
  7413 | D:6      | Reached XP level 9. HP: 47/65 MP: 6/9
  7634 | D:6      | Reached skill level 11 in Maces & Flails
  7644 | D:6      | Reached **** piety under Trog
  7699 | D:6      | Noticed Blork the orc
  7705 | D:6      | Killed Blork the orc
  7917 | D:6      | Reached skill level 12 in Maces & Flails
  7982 | D:6      | Noticed Pikel
  7990 | D:6      | Killed Pikel
  8356 | D:7      | Found Eliw's Armour Shoppe.
  8473 | D:7      | Found a flagged portal.
  8491 | Bailey   | Entered a bailey
  8601 | Bailey   | Gained mutation: Your demonic aura often causes spilled
                  | blood to erupt in flames. [demonic ancestry]
  8601 | Bailey   | Reached XP level 10. HP: 71/71 MP: 8/10
  8606 | Bailey   | Reached skill level 13 in Maces & Flails
  9278 | Bailey   | Identified the +5 sling of Keysaisi {flame, rC+}
  9280 | Bailey   | Identified the +4 scale mail "Ujiuwat" {Contam rC+ Str+3
                  | Int+3}
  9648 | D:7      | Reached skill level 14 in Maces & Flails
  9736 | D:7      | Noticed Joseph
  9748 | D:7      | Killed Joseph
 10310 | D:8      | Reached skill level 1 in Shields
 10445 | D:8      | Found Imudur's Gadget Gallery.
 11001 | D:8      | You fall into a shaft and drop 3 floors!
 11015 | D:10     | Entered Level 10 of the Dungeon
 11041 | D:9      | Noticed Erica
 11050 | D:9      | Killed Erica
 11051 | D:9      | Gained mutation: You have a somewhat thin skeletal
                  | structure. (Dex +2, Stealth+) [demonic ancestry]
 11051 | D:9      | Reached XP level 11. HP: 76/76 MP: 7/11
 11515 | D:8      | Found a shimmering blue altar of Sif Muna.
 11518 | D:8      | Found a burning altar of Makhleb.
 12176 | D:9      | Reached skill level 5 in Fighting
 12449 | D:9      | Found a stormy altar of Qazlal.
 12573 | D:9      | Found a staircase to the Orcish Mines.
 13426 | D:10     | Reached skill level 5 in Armour
 13438 | D:10     | Noticed a two-headed ogre
 13446 | D:10     | Killed a two-headed ogre
 13716 | D:10     | Found a portal to a secret trove of treasure.
 14044 | D:11     | Noticed a five-headed hydra
 14052 | D:11     | Killed a five-headed hydra
 14053 | D:11     | Reached skill level 15 in Maces & Flails
 14694 | D:11     | Noticed a five-headed hydra
 14781 | D:11     | Killed a five-headed hydra
 14787 | D:11     | Reached skill level 5 in Shields
 14957 | D:11     | Found a staircase to the Lair.
 14994 | D:11     | Gained mutation: Your presence sometimes corrodes those you
                  | injure. [demonic ancestry]
 14994 | D:11     | Reached XP level 12. HP: 75/89 MP: 12/12
 15192 | D:11     | Noticed a boulder beetle
 15452 | D:11     | Noticed a two-headed ogre
 15463 | D:11     | Killed a two-headed ogre
 15735 | Orc:1    | Entered Level 1 of the Orcish Mines
 15859 | Orc:2    | Entered Level 2 of the Orcish Mines
 16192 | Orc:2    | Found Geoc's General Store.
 16192 | Orc:2    | Noticed an orc high priest
 16269 | Orc:2    | Killed an orc high priest
 16355 | Orc:2    | Noticed an orc high priest
 16379 | Orc:2    | Paralysed by an orc sorcerer for 2 turns
 16383 | Orc:2    | Killed an orc high priest
 16437 | Orc:2    | Found Maonalai's Antique Armour Emporium.
 16481 | Orc:2    | Noticed Josephine
 16485 | Orc:2    | Noticed an orc high priest
 16490 | Orc:2    | Killed Josephine
 16491 | Orc:2    | HP: 5/138 [orc warrior/+0 halberd (19)]
 16494 | Orc:2    | Slain by an orc warrior

Illustrated notes

Levels and vault maps discovered:
D:1:      lightli_arrival_maybe_door_vault, layout_basic, serial_shops,
          nicolae_shop_advertising_works [nicolae_subvault_shop_adworks]
D:2:      layout_loops_ring, uniq_robin, uniq_terence
D:3:      minmay_goblin_kobold_castle, layout_basic, lemuel_crystal_altar,
          ebering_ecumenical_altar_abandoned, corexii_corridor_pit
D:4:      layout_rooms, nicolae_overflow_crystal_walls
D:5:      layout_gridville, minmay_temple_entry_junction, uniq_grinder
D:6:      kennysheep_spiral_hall, layout_cave_pods, uniq_menkaure, uniq_pikel,
          uniq_blork_the_orc
D:7:      layout_loops_cross, serial_shops, nicolae_shop_stone,
          lightli_bailey_entry_fortress, uniq_joseph
D:8:      layout_basic, nicolae_overflow_squiral, minmay_misc_feat_tiny,
          nicolae_shop_gadgets
D:9:      layout_basic, nicolae_overflow_hidden_temple,
          mainiacjoe_overflow_chevrons, david_orc_5, uniq_erica
D:10:     layout_small_grid, enter_trove_3, minivault_7
D:11:     layout_loops_cross, erik_lair_island
Orc:1:    layout_caves
Orc:2:    grunt_orc_gardens, layout_caves, grunt_orc_garden, grunt_orc_garden,
          grunt_orc_garden, grunt_orc_garden, uniq_saint_roka, uniq_josephine

Skill      XL: |  1  2  3  4  5  6  7  8  9 10 11 12 |
---------------+-------------------------------------+-----
Armour         | 2 3 5 6 |  6.8
Dodging        | 2 |  2.6
Maces & Flails | 3 5 6 8 10 12 14 15 | 15.5
Fighting       | 4 6 7 |  7.8
Shields        | 2 5 6 |  6.2

Action                   |  1- 3 |  4- 6 |  7- 9 | 10-12 || total
-------------------------+-------+-------+-------+-------++-------
Melee: Mace              |   101 |   287 |    59 |       ||   447
       Tailslap          |    10 |    42 |    44 |   113 ||   209
       Punch             |     1 |     1 |       |     3 ||     5
       Morningstar       |       |       |   188 |       ||   188
       Whip              |       |       |    51 |   750 ||   801
Invok: Berserk           |     1 |     5 |    11 |    16 ||    33
       Trog's Hand       |       |     8 |     6 |    18 ||    32
  Use: Scroll            |       |     9 |     4 |     6 ||    19
       Potion            |       |       |       |     3 ||     3
 Stab: Sleeping          |     2 |       |       |       ||     2
Armor: Animal skin       |    23 |       |       |       ||    23
       Scale mail        |       |   144 |   123 |   298 ||   565
Dodge: Dodged            |    75 |   207 |   137 |   307 ||   726
       Repelled          |       |     1 |       |       ||     1
Block: Buckler           |       |       |       |    21 ||    21
       Kite shield       |       |       |       |   200 ||   200
